 Dungeon Crawl Stone Soup version 0.28-a0-1147-gc7b72d3202 (webtiles) character file.

Game seed: 9875726986071436994

129 ChaosChampion the Skirmisher (level 4, -2/37 HPs)
             Began as a Demonspawn Abyssal Knight on Dec 14, 2021.
             Was a Believer of Lugonu.
             Killed from afar by Ijyb (8 damage)
             ... with a puff of flame
             ... on level 4 of the Dungeon.
             The game lasted 00:05:40 (3939 turns).

ChaosChampion the Skirmisher (DsAK)                 Turns: 3939, Time: 00:05:41

Health: -2/37      AC:  6    Str: 15    XL:     4   Next: 88%
Magic:  6/6        EV: 10    Int: 11    God:    Lugonu [**....]
Gold:   9          SH:  0    Dex: 16    Spells: 3/3 levels left

rFire   . . .      SeeInvis .   a - +1 hand axe
rCold   . . .      Faith    .   (no shield)
rNeg    . . .      Spirit   .   k - +1 ring mail {Will+}
rPois   .          Reflect  .   (no helmet)
rElec   .          Harm     .   (no cloak)
rCorr   .          Rampage  .   (no gloves)
Will    +....                   (no boots)
Stlth   ++........              (no amulet)
HPRegen 0.12/turn               (no ring)
MPRegen 0.10/turn               (no ring)

@: no status effects
A: hooves 1, thin skeletal structure 1, demonic guardian 1
a: Renounce Religion, Depart the Abyss, Bend Space


You were on level 4 of the Dungeon.
You worshipped Lugonu.
Lugonu was pleased with you.
You visited 1 branch of the dungeon, and saw 4 of its levels.
You visited the Abyss 1 time.

You collected 226 gold pieces.
You spent 217 gold pieces at shops.

Inventory:

Hand Weapons
 a - a +1 hand axe (weapon)
Missiles
 i - 10 poisoned darts (quivered)
Armour
 k - a +1 ring mail of willpower (worn)
Jewellery
 j - an amulet of magic regeneration
Scrolls
 c - a scroll of enchant armour {unknown}
 d - a scroll of identify {unknown}
 e - 2 scrolls of teleportation {unknown}
 h - a scroll of immolation {unknown}
Potions
 f - a potion of cancellation {unknown}
 g - 2 potions of curing {unknown}


   Skills:
 + Level 3.8 Fighting
 + Level 2.7 Axes
 + Level 2.7 Armour
 - Level 0.8 Dodging
 + Level 3.8 Invocations


You had 3 spell levels left.
You didn't know any spells.
Your spell library was empty.

Dungeon Overview and Level Annotations

Branches:
Dungeon (4/15)             Temple (0/1) D:4

Altars:
Hepliaklqana
The Shining One

Shops:
D:3 ![[:

Annotations:
D:4 Ijyb


Innate Abilities, Weirdness & Mutations

You have large cloven feet.
You have a somewhat thin skeletal structure. (Dex +2, Stealth+)
A weak demonic guardian rushes to your aid.


Message History

You are too injured to fight recklessly!
You are too injured to fight recklessly!
You are too injured to fight recklessly!
You are too injured to fight recklessly!
You hit Ijyb but do no damage.
Ijyb is moderately wounded.
Your ufetubus barely misses Ijyb.
Your ufetubus hits Ijyb.
Ijyb zaps a wand.
The puff of flame hits you!
* * * LOW HITPOINT WARNING * * *
Your ufetubus barely misses Ijyb.
Your ufetubus closely misses Ijyb.
You hit Ijyb.
Ijyb is heavily wounded.
Your ufetubus barely misses Ijyb. x2; Ijyb barely misses you.
Your ufetubus barely misses Ijyb.
Your ufetubus hits Ijyb. You barely miss Ijyb. You kick Ijyb, but do no damage.
Ijyb is severely wounded.
Your ufetubus barely misses Ijyb.
Your ufetubus hits Ijyb but does no damage.
Ijyb hits you but does no damage.
Your ufetubus barely misses Ijyb. x2
Ijyb hits you but does no damage.
You hit Ijyb. You kick Ijyb, but do no damage.
Ijyb is severely wounded.
Your ufetubus hits Ijyb.
Your ufetubus hits Ijyb but does no damage.
Ijyb zaps a wand.
The puff of flame hits your ufetubus!
Your ufetubus is burned terribly!
Your ufetubus dies!
Your ufetubus disappears in a puff of smoke!
Ijyb shouts!
Throw: 11 darts (poison)
Press: ? - help, Q - select action, (/) - cycle Shift-Dir - straight line, f - Ijyb
Aim: Ijyb, wielding a +0 club, wearing a +0 ring mail and carrying a wand of flame (7) (severely wounded, 57% to hit)
You throw a poisoned dart. The poisoned dart hits Ijyb.
Ijyb is poisoned.
Ijyb is severely wounded.
Ijyb zaps a wand.
The puff of flame hits you.
* * * LOW HITPOINT WARNING * * *
Ijyb screams, "Me kill you!"
Ijyb looks more healthy.
Ijyb zaps a wand.
The puff of flame hits you!
You die...

####.###+### ######
........... ......
.......... #.....#
......... #......
#+#####)(..?... #......
#.#...#.†.# #......
#...#.....#
.......####........#
.......@.g..#.#........
......##.#..#.###......
#.... #.#.##...###.....
#.#.. ##...#......
.#...
#.#..##...##..>..#
.....
#....##.#........# #
#....##...###...##.
....###....###.# #..#
#......#.#


You could see Ijyb.

Vanquished Creatures
  An iguana (D:3)
  A hound skeleton (D:4)
  A worm (D:3)
  A dart slug (D:4)
  5 orcs (D:3)
  7 ball pythons
  5 endoplasms
  A giant cockroach (D:3)
  2 goblins
  4 hobgoblins
  5 jackals
  A quokka (D:2)
  6 bats
  2 frilled lizards (D:1)
  7 kobolds
  6 rats
55 creatures vanquished.

Vanquished Creatures (collateral kills)
  2 adders
  A goblin (D:2)
  A hobgoblin (D:2)
  2 kobolds
6 creatures vanquished.

Vanquished Creatures (others)
  7 fungi
  3 plants (D:2)
10 creatures vanquished.

Grand Total: 71 creatures vanquished

Notes
Turn   | Place    | Note
-------+----------+-------------------------------------------
     0 | Abyss:1  | ChaosChampion the Demonspawn Abyssal Knight began the quest
                  | for the Orb.
     0 | Abyss:1  | Reached XP level 1. HP: 18/18 MP: 2/2
    21 | D:1      | Escaped the Abyss
   550 | D:1      | Gained mutation: A weak demonic guardian rushes to your
                  | aid. [demonic ancestry]
   550 | D:1      | Reached XP level 2. HP: 24/24 MP: 4/4
  1273 | D:2      | Reached ** piety under Lugonu
  1318 | D:2      | Found a faded altar of an unknown god.
  1368 | D:2      | Gained mutation: You have a somewhat thin skeletal
                  | structure. (Dex +2, Stealth+) [demonic ancestry]
  1368 | D:2      | Reached XP level 3. HP: 6/29 MP: 3/5
  2297 | D:3      | Found Yriducw's Antique Armour Boutique.
  2313 | D:3      | Found Voralo's Antique Armour Shop.
  2456 | D:3      | Gained mutation: You have large cloven feet. [demonic
                  | ancestry]
  2456 | D:3      | Reached XP level 4. HP: 10/36 MP: 6/6
  2795 | D:3      | Found Zetuh's Distillery.
  3164 | D:3      | Found a hazy altar of Hepliaklqana.
  3171 | D:3      | Found Nuciar's Book Emporium.
  3706 | D:3      | Bought a glowing ring mail for 217 gold pieces
  3906 | D:4      | Found a staircase to the Ecumenical Temple.
  3915 | D:4      | Noticed Ijyb
  3939 | D:4      | Killed from afar by Ijyb

Illustrated notes

Levels and vault maps discovered:
D:1:      erik_arrival_cave_to_civilisation [erik_arrival_cave_to_hall],
          layout_basic
D:2:      layout_basic, shapermc_ecumenical_altar_gd
D:3:      layout_basic, mainiacjoe_overflow_boulevard, lemuel_round_altar,
          serial_shops, shop, shop, shop, shop_coins
D:4:      layout_basic, slow_altar_2, minmay_temple_entry_slanted,
          minmay_crossroads, uniq_natasha, uniq_ijyb

Skill      XL: |  1  2 |
---------------+-------+-----
Axes           | 2 |  2.7
Armour         | 2 |  2.7
Invocations    | 3 |  3.8
Fighting       | |  3.8
Dodging        | |  0.8

Action                   |  1- 3 |  4- 6 || total
-------------------------+-------+-------++-------
Melee: Hand axe          |   103 |    52 ||   155
       Kick              |       |    16 ||    16
Throw: Dart              |    12 |    14 ||    26
Invok: Bend Space        |     1 |       ||     1
 Stab: Sleeping          |     2 |     5 ||     7
Armor: Leather armour    |    42 |     8 ||    50
       Ring mail         |       |     7 ||     7
Dodge: Dodged            |    85 |    38 ||   123

Table legend: (Time is in decaauts)
 A = Elapsed time spent in this place.
 B = Non-inter-level travel time spent in this place.
 C = Inter-level travel time spent in this place.
 D = Time resting spent in this place.
 E = Time spent auto-exploring this place.
 F = Levels seen in this place.
 G = Mean time per level.
                   A        B        C        D        E       F      G
               +--------+--------+--------+--------+--------+-----+--------+
         Total |   3967 |   3837 |    130 |    247 |   2884 |   5 |  793.4 |
       Dungeon |   3946 |   3816 |    130 |    247 |   2880 |   4 |  986.5 |
         Abyss |     21 |     21 |      0 |      0 |      4 |   1 |   21.0 |
               +--------+--------+--------+--------+--------+-----+--------+

Top non-repeatable levels by time:
     D:3: 1482 daAuts
     D:2: 1185 daAuts
     D:1: 928 daAuts
     D:4: 349 daAuts
 Abyss:1: 21 daAuts
